 Dungeon Crawl Stone Soup version 0.31-a0-889-g1a8549509d (webtiles) character file.

Game seed: 6971459561365345331

2 Azuregosa the Sneak (level 1, -7/16 HPs)
             Began as an Octopode Delver on Oct 16, 2023.
             Mangled by an iguana (9 damage)
             ... on level 6 of the Dungeon.
             The game lasted 00:01:15 (68 turns).

Azuregosa the Sneak (Octopode Delver)                 Turns: 68, Time: 00:01:16

Health: -7/16      AC:  1    Str: 11    XL:     1   Next: 30%
Magic:  1/1        EV: 13    Int: 12    God:
Gold:   17         SH:  0    Dex: 13    Spells: 0/0 levels left

rFire   . . .        i - +0 hand axe (freeze)
rCold   . . .        (no shield)
rNeg    . . .        (helmet restricted)
rPois   .            (no amulet)
rElec   .            (no ring)
rCorr   .            (no ring)
SInv    .            (no ring)
Will    .....        (no ring)
Stlth   ++++         (no ring)
HPRegen 0.22/turn    (no ring)
MPRegen 0.07/turn    (no ring)
                     (no ring)

%: no passive effects
@: no status effects
A: almost no armour, amphibious, 8 rings, camouflage 1, gelatinous body 1,
(nimble swimmer 1), tentacles
a: no special abilities


You were on level 6 of the Dungeon.
You visited 1 branch of the dungeon, and saw 2 of its levels.

You collected 17 gold pieces.

Inventory:

Hand Weapons
 a - a +0 falchion
 i - a +0 hand axe of freezing (weapon)
Missiles
 g - 6 poisoned darts
Wands
 f - a wand of digging (3)
Scrolls
 b - a scroll of fog
 c - a scroll of revelation
 d - a scroll of fear
 h - a scroll of torment {unknown}
Potions
 e - a potion of haste


   Skills:
 - Level 3.0 Fighting
 - Level 2.0 Long Blades
 - Level 2.0 Dodging
 + Level 6.7 Stealth


You couldn't memorise any spells.
You didn't know any spells.
Your spell library was empty.

Dungeon Overview and Level Annotations

Branches:
Dungeon (6/15)
 Temple: D:4-7

Altars:
Ru


Innate Abilities, Weirdness & Mutations

You cannot wear most types of armour.
You are amphibious.
You can wear up to eight rings at the same time.
Your skin changes colour to match your surroundings (Stealth+).
Your rubbery body absorbs attacks. (AC +1, EV +1)
((You are camouflaged when in or above water. (Stealth+)))
You have tentacles for arms and can constrict up to eight enemies at once.


Message History

g - 6 poisoned darts
Found a scroll labelled PUFRAH LAIGA.
h - a scroll labelled PUFRAH LAIGA You open the door.
There is an open door here.
You open the door.
Found a leather armour.
There is an open door here.
Found 17 gold pieces.
Found a sacrificial altar of Ru.
Press: ? - help, v - describe, . - travel A sacrificial altar of Ru.
Unknown command.
You enter the deep water.
You now have 17 gold pieces.
You open the door.
There is an open door here.
You open the door.
An orc comes into view.
It is wielding a +0 hand axe of freezing.
There is an open door here.
The helpless orc fails to defend itself.
You hit the orc.
You kill the orc!
You see here a +0 hand axe of freezing.
i - a +0 hand axe of freezing Your +0 hand axe of freezing glows with a cold blue light!
i - a +0 hand axe of freezing (weapon)
You open the door.
An iguana comes into view.
Found a forked wooden wand.
There is an open door here.
The helpless iguana fails to defend itself.
You slash the iguana! You freeze the iguana. You grab the iguana.
The iguana is heavily wounded.
You constrict the iguana. The iguana bites you!
Ouch! That really hurt!
* * * LOW HITPOINT WARNING * * *
The iguana bites you!
Ouch! That really hurt!
You die...

#...#####+#
....
.......#...#
../....#...#
.......#...#
.....#...#
....#...#
#..#...#
#l.#...#
#@'...#
#.#...#
#.#...#
#.#...#
#.#...#
#.#...#
###...#
#...# #...#


You could see an iguana.

Vanquished Creatures
  An orc (D:6)
1 creature vanquished.

Notes
Turn   | Place    | Note
-------+----------+-------------------------------------------
     0 | D:5      | Azuregosa the Octopode Delver began the quest for the Orb.
     0 | D:5      | Reached XP level 1. HP: 16/16 MP: 1/1
    34 | D:6      | Found a sacrificial altar of Ru.
    65 | D:6      | Noticed an iguana
    68 | D:6      | Mangled by an iguana

Illustrated notes

Levels and vault maps discovered:
D:5:      layout_rooms, serial_shops, shop
D:6:      minmay_chambers_of_fours, layout_gridville, hangedman_ru_absence,
          okawaru_metal_pillars_1_2, minmay_temple_entry_large_hall, uniq_edmund

Action                     || total
---------------------------++-------
  Melee: Falchion          ||     1
         Hand axe          ||     1
         Constrict         ||     1
   Stab: Sleeping          ||     2
 Armour: Skin              ||     2

Table legend: (Time is in decaauts)
 A = Elapsed time spent in this place.
 B = Non-inter-level travel time spent in this place.
 C = Inter-level travel time spent in this place.
 D = Time resting spent in this place.
 E = Time spent auto-exploring this place.
 F = Levels seen in this place.
 G = Mean time per level.
                   A        B        C        D        E       F      G
               +--------+--------+--------+--------+--------+-----+--------+
         Total |     67 |     67 |      0 |      0 |      1 |   2 |   33.5 |
       Dungeon |     67 |     67 |      0 |      0 |      1 |   2 |   33.5 |
               +--------+--------+--------+--------+--------+-----+--------+

Top non-repeatable levels by time:
     D:6: 66 daAuts
     D:5: 1 daAuts
